 Dungeon Crawl Stone Soup version 0.31-a0-1036-g31867e143a (webtiles) character file.

Game seed: 11638945437508930956

0 Azuregosa the Sneak (level 1, 0/16 HPs)
             Began as an Octopode Delver on Nov 19, 2023.
             Slain by an adder (4 damage)
             ... on level 4 of the Dungeon.
             The game lasted 00:00:48 (38 turns).

Azuregosa the Sneak (Octopode Delver)                 Turns: 38, Time: 00:00:48

Health: 0/16       AC:  1    Str: 11    XL:     1   Next: 10%
Magic:  1/1        EV: 13    Int: 12    God:
Gold:   0          SH:  0    Dex: 13    Spells: 0/0 levels left

rFire   . . .        a - +0 mace
rCold   . . .        (no shield)
rNeg    . . .        (helmet restricted)
rPois   .            (no amulet)
rElec   .            (no ring)
rCorr   .            (no ring)
SInv    .            (no ring)
Will    .....        (no ring)
Stlth   ++++         (no ring)
HPRegen 0.22/turn    (no ring)
MPRegen 0.07/turn    (no ring)
                     (no ring)

%: no passive effects
@: no status effects
A: almost no armour, amphibious, 8 rings, camouflage 1, gelatinous body 1,
(nimble swimmer 1), tentacles
a: no special abilities


You were on level 4 of the Dungeon.
You visited 1 branch of the dungeon, and saw 2 of its levels.

Inventory:

Hand Weapons
 a - a +0 mace (weapon)
Missiles
 c - 4 stones
Wands
 f - a wand of digging (3)
Scrolls
 b - a scroll of fog
 d - a scroll of fear
 g - a scroll of silence {unknown}
Potions
 e - a potion of haste


   Skills:
 - Level 3.0 Fighting
 - Level 2.0 Maces & Flails
 - Level 2.0 Dodging
 + Level 6.6 Stealth


You couldn't memorise any spells.
You didn't know any spells.
Your spell library was empty.

Dungeon Overview and Level Annotations

Branches:
Dungeon (5/15)
 Temple: D:4-7

Altars:
Xom


Innate Abilities, Weirdness & Mutations

You cannot wear most types of armour.
You are amphibious.
You can wear up to eight rings at the same time.
Your skin changes colour to match your surroundings (Stealth+).
Your rubbery body absorbs attacks. (AC +1, EV +1)
((You are camouflaged when in or above water. (Stealth+)))
You have tentacles for arms and can constrict up to eight enemies at once.


Message History

g - a scroll labelled KOLUONG ODAS An adder comes into view.
There is a stone staircase leading down here.
There is a stone staircase leading up here.
You climb upwards.
There is a stone staircase leading down here.
Found a stone staircase leading up.
A kobold comes into view. It is wielding a +0 short sword.
Found 15 gold pieces.
An endoplasm comes into view.
An adder comes into view.
The kobold shouts!
The endoplasm quivers.
You hit the kobold.
You kill the kobold!
Found 10 gold pieces.
The adder bites you.
You are poisoned.
The adder poisons you!
You feel sick. The adder attacks as it pursues you! The adder bites you.
You closely miss the adder. Your grab misses the adder. You squeeze the adder!
The adder is severely wounded.
You feel sick. The adder closely misses you.
The endoplasm jiggles.
The adder misses you.
You hit the adder. Your grab misses the adder.
The adder is almost dead.
You feel sick.
You are no longer poisoned.
The adder bites you.
The endoplasm jiggles.
The adder bites you.
* * * LOW HITPOINT WARNING * * *
You barely miss the adder. Your grab misses the adder.
The adder is almost dead.
The adder barely misses you.
You hit the adder. Your grab misses the adder.
The adder is almost dead.
The adder bites you.
You die...

##......## #...#
##.....#.. #
#.#..###$......# .#
...............# .#
≈≈≈.≈≈........# .^#
....≈.#<....####..###
♣♣♣♣♣.≈.#..............
♣.....≈..........##..#
.♣J≈@S......#.>#
♣.≈.....)..##.#
♣.≈.......###...
....≈.##............
≈≈≈≈≈≈.....#######.###
.........#### .#
.####..## .# .$# #


You could see an adder and an endoplasm.

Vanquished Creatures
  A kobold (D:4)
1 creature vanquished.

Notes
Turn   | Place    | Note
-------+----------+-------------------------------------------
     0 | D:5      | Azuregosa the Octopode Delver began the quest for the Orb.
     0 | D:5      | Reached XP level 1. HP: 16/16 MP: 1/1
     0 | D:5      | Noticed a crimson imp
     0 | D:5      | Found a shimmering altar of Xom.
    38 | D:4      | Slain by an adder

Illustrated notes

Levels and vault maps discovered:
D:4:      layout_rooms, mainiacjoe_overflow_brackets, trog_ov_bears_minmay,
          amcnicky_mini_rare_corridor_liquid, st_stairs_2, minmay_small_thing,
          uniq_eustachio, uniq_robin, uniq_crazy_yiuf_cottage
D:5:      layout_loops_ring, grunt_temple_overflow_champion_of_chaos,
          st_stairs_6

Action                     || total
---------------------------++-------
  Melee: Mace              ||     5
         Tentacles         ||     1
    Use: Scroll            ||     1
 Armour: Skin              ||     5
  Dodge: Dodged            ||     3

Table legend: (Time is in decaauts)
 A = Elapsed time spent in this place.
 B = Non-inter-level travel time spent in this place.
 C = Inter-level travel time spent in this place.
 D = Time resting spent in this place.
 E = Time spent auto-exploring this place.
 F = Levels seen in this place.
 G = Mean time per level.
                   A        B        C        D        E       F      G
               +--------+--------+--------+--------+--------+-----+--------+
         Total |     38 |     38 |      0 |      0 |      0 |   2 |   19.0 |
       Dungeon |     38 |     38 |      0 |      0 |      0 |   2 |   19.0 |
               +--------+--------+--------+--------+--------+-----+--------+

Top non-repeatable levels by time:
     D:4: 19 daAuts
     D:5: 19 daAuts
